Map: Discord IV

Players

LIMBO

  • Race: Protoss Protoss
  • League: Gold
  • Spawn Location: 9:00

SombraIgnea

  • Race: Protoss Protoss
  • Spawn Location: 11:00

Shiro - Winner!

  • Race: Terran Terran
  • Spawn Location: 5:00

Aligator - Winner!

  • Race: Protoss Protoss
  • Spawn Location: 5:00

VOD

Have the link to the VOD?

Description

test

Time

  • Played on: May 1, 2020, 9:23 p.m.
  • Length: 8:09
Show
View Real Time Build Order
Export as new Build Order

LIMBO Protoss 

Build Orders:  

Get SALT Encoding   

  12  0:01  Probe  
  13  0:14  Pylon  
  13  0:18  Probe  
  14  0:30  Probe  
  15  0:37  Gateway  
  15  0:42  Probe  
  16  0:52  Gateway  
  16  1:13  Assimilator  
  16  1:14  Probe  
  17  1:26  Probe, Assimilator  
  17  1:28  Zealot  
  20  1:34  Cybernetics Core  
  20  1:38  Probe  
  21  1:45  Gateway  
  21  1:50  Probe  
  22  2:08  Probe  
  22  2:15  Pylon  
  23  2:33  Probe, Zealot x2  
  23  2:34  Adept  
  30  2:40  Pylon  
  28  3:00  Adept  
  28  3:04  Adept  
  32  3:08  Warp Gate  
  32  3:11  Adept  
  36  3:34  Twilight Council, Adept (Chrono Boost)  
  36  3:37  Adept (Chrono Boost)  
  38  4:34  Adept  
  38  4:41  Adept  
  38  4:42  Adept  
  36  4:50  Charge  
  36  5:11  Stalker  
  38  5:52  Nexus  
  38  6:18  Forge  
  38  6:20  Probe  
  39  7:03  Stalker, Adept  
  43  7:27  Stalker  
  45  7:33  Stalker x2  
Show
View Real Time Build Order
Export as new Build Order

SombraIgnea Protoss 

Build Orders:  

Get SALT Encoding   

  12  0:12  Pylon  
  12  0:16  Probe (Chrono Boost)  
  14  0:28  Probe (Chrono Boost)  
  14  0:35  Probe (Chrono Boost)  
  15  0:43  Probe, Gateway  
  16  1:01  Gateway  
  16  1:06  Gateway  
  16  1:20  Assimilator  
  16  1:23  Probe (Chrono Boost)  
  18  1:33  Probe (Chrono Boost)  
  18  1:38  Probe (Chrono Boost)  
  18  1:43  Cybernetics Core  
  19  1:49  Gateway  
  19  2:06  Assimilator  
  19  2:15  Probe (Chrono Boost)  
  20  2:26  Probe (Chrono Boost)  
  21  2:30  Probe (Chrono Boost)  
  22  2:46  Warp Gate  
  22  3:13  Pylon  
  22  3:19  Pylon  
  22  3:25  Twilight Council  
  22  3:31  Stalker x4  
  30  3:40  Twilight Council  
  30  3:47  Probe  
  31  3:59  Probe  
  32  4:05  Charge  
  32  4:34  Zealot  
  32  4:35  Zealot x2  
  38  5:04  Gateway  
  38  5:07  Gateway  
  38  5:26  Dark Shrine  
  38  5:40  Templar Archives  
  38  6:02  Forge  
  38  6:05  Pylon  
  38  6:17  Pylon  
  38  6:28  Stalker  
  38  6:29  Stalker  
  38  6:30  Stalker  
  44  6:42  Stalker  
  44  6:43  Stalker  
  48  6:51  Stalker  
  48  6:53  Stalker  
  52  6:55  Zealot  
  54  7:17  Pylon  
  54  7:19  Pylon  
Show
View Real Time Build Order
Export as new Build Order

Shiro Terran - Winner!

Build Orders: Reaper Expand 

Get SALT Encoding   

  12  0:00  SCV  
  13  0:13  SCV  
  14  0:20  Supply Depot  
  14  0:25  SCV  
  15  0:41  SCV  
  16  0:42  Barracks  
  16  0:45  Refinery  
  16  0:53  SCV  
  17  1:05  SCV  
  18  1:18  SCV  
  19  1:30  Reaper, Orbital Command  
  20  1:41  Command Center  
  20  1:49  Supply Depot  
  20  1:56  SCV  
  20  1:59  Refinery  
  21  2:01  Marine  
  21  2:08  SCV  
  23  2:13  Factory  
  23  2:20  SCV  
  23  2:22  Barracks Reactor  
  24  2:32  SCV  
  25  2:44  SCV  
  26  2:56  Orbital Command  
  26  2:57  SCV  
  27  3:00  Factory Tech Lab, Marine x2  
  27  3:01  Starport  
  29  3:09  SCV  
  30  3:18  Marine x2  
  32  3:22  SCV  
  32  3:23  Siege Tank  
  36  3:28  SCV  
  36  3:32  Supply Depot  
  36  3:34  SCV  
  38  3:36  Marine x2, Bunker  
  38  3:38  Starport Tech Lab  
  40  3:41  SCV  
  40  3:46  SCV, Supply Depot  
  42  3:53  Marine, SCV  
  42  3:54  Marine  
  45  3:57  Raven  
  45  3:58  SCV  
  48  4:06  SCV  
  49  4:13  Factory Tech Lab  
  49  4:14  SCV  
  49  4:15  Refinery  
  50  4:19  Engineering Bay  
  50  4:24  Marine x2, Barracks  
  50  4:28  Barracks  
  51  4:40  SCV  
  52  4:49  Terran Infantry Weapons Level 1, SCV  
  53  4:53  SCV  
  53  4:55  Marine x2, Supply Depot  
  53  4:57  Siege Tank  
  59  5:01  SCV  
  59  5:05  SCV  
  61  5:07  Starport Reactor  
  61  5:09  Supply Depot  
  61  5:13  SCV  
  62  5:16  Stimpack  
  62  5:20  Marine x2, SCV  
  67  5:21  Marauder  
  67  5:25  SCV  
  68  5:30  Marauder  
  68  5:32  SCV, Supply Depot, Siege Tank  
  74  5:37  SCV  
  74  5:40  Refinery  
  74  5:42  Marine x2  
  76  5:43  Supply Depot  
  76  5:44  SCV, Marauder  
  76  5:47  Medivac  
  82  5:53  SCV  
  82  5:56  SCV  
  84  5:58  Combat Shield, Marauder  
  84  6:00  Marine x2  
  88  6:05  Marauder  
  88  6:11  Siege Tank  
  93  6:17  Supply Depot  
  93  6:18  Supply Depot  
  93  6:20  Marine x2, Marauder  
  93  6:22  Medivac  
  99  6:29  Marauder  
  101  6:38  Marine x2, Medivac  
  105  6:41  Supply Depot  
  105  6:44  Supply Depot  
  105  6:48  Marauder  
  107  6:55  Marine, Marauder  
  107  6:56  Marine, Medivac  
  107  7:01  Command Center  
  113  7:10  Marauder  
  113  7:12  Armory  
  113  7:13  Engineering Bay  
  115  7:22  Barracks  
  115  7:23  Barracks  
  115  7:26  Marine, Siege Tank  
  115  7:27  Marine x2  
  121  7:36  Marine  
  122  7:41  Supply Depot  
  122  7:42  Supply Depot  
  124  7:44  Marine x2  
Show
View Real Time Build Order
Export as new Build Order

Aligator Protoss - Winner!

Build Orders:  

Get SALT Encoding   

  12  0:02  Probe  
  13  0:14  Probe (Chrono Boost)  
  14  0:24  Pylon  
  14  0:25  Probe (Chrono Boost)  
  15  0:33  Assimilator  
  15  0:42  Probe  
  16  0:51  Gateway  
  16  1:09  Gateway  
  16  1:13  Forge  
  16  1:16  Pylon  
  16  1:24  Probe (Chrono Boost)  
  18  1:33  Probe (Chrono Boost)  
  18  1:38  Probe (Chrono Boost)  
  19  1:50  Probe  
  19  1:53  Zealot  
  22  1:59  Zealot  
  22  2:01  Protoss Ground Weapons Level 1 (Chrono Boost)  
  24  2:12  Assimilator  
  24  2:20  Zealot  
  26  2:22  Pylon  
  26  2:44  Photon Cannon  
  26  2:46  Photon Cannon  
  26  2:47  Zealot  
  28  2:54  Photon Cannon  
  28  2:55  Zealot  
  30  3:06  Probe  
  31  3:14  Probe  
  32  3:28  Cybernetics Core  
  32  3:31  Pylon  
  32  3:51  Zealot x2  
  36  4:09  Protoss Ground Armor Level 1  
  36  4:17  Probe (Chrono Boost)  
  36  4:18  Stalker x2  
  36  4:22  Protoss Air Weapons Level 1  
  41  4:48  Stalker  
  41  4:52  Nexus  
  43  4:58  Pylon  
  43  5:02  Pylon  
  43  5:06  Pylon  
  43  5:11  Stalker  
  45  5:30  Shield Battery  
  45  5:33  Shield Battery  
  45  5:37  Photon Cannon  
  45  5:50  Photon Cannon  
  45  5:56  Assimilator  
  45  6:02  Assimilator  
  45  6:06  Probe (Chrono Boost)  
  46  6:17  Probe (Chrono Boost)  
  47  6:22  Probe (Chrono Boost), Stalker  
  50  6:30  Stalker  
  52  6:35  Probe  
  53  6:47  Probe  
  54  6:59  Probe, Stalker  
  57  7:05  Stalker  
  59  7:12  Probe  
  60  7:17  Forge  
  60  7:24  Probe (Chrono Boost), Robotics Facility  
  60  7:29  Stalker  
  63  7:36  Probe (Chrono Boost)  
  64  7:43  Probe (Chrono Boost)  
  65  7:50  Probe  
Tags
 
Add a new tag
Caveats
  • Supply blocks, unpowered buildings, or Contaminate may cause inaccurate times.
  • Supply counts are checked every 10 seconds.